 Dungeon Crawl Stone Soup version 0.31.0-11-ge490571c62 (webtiles) character file.

Game seed: 14617938490998140339

1 Skitler the Covert (level 1, 0/23 HPs)
             Began as a Gnoll Delver on Feb 3, 2024.
             Was an Initiate of Gozag.
             Slain by a bullfrog (7 damage)
             ... on level 5 of the Dungeon.
             The game lasted 00:00:30 (97 turns).

Skitler the Covert (Gnoll Delver)                     Turns: 97, Time: 00:00:30

Health: 0/23       AC:  3    Str: 11    XL:     1   Next: 20%
Magic:  1/1        EV: 13    Int:  9    God:    Gozag
Gold:   15         SH:  0    Dex: 13    Spells: 0/0 levels left

rFire   . . .        a - +0 hand axe
rCold   . . .        (no shield)
rNeg    . . .        b - +0 leather armour
rPois   .            (no helmet)
rElec   .            (no cloak)
rCorr   .            (no gloves)
SInv    .            (no boots)
Will    .....        (no amulet)
Stlth   ++++         (no ring)
HPRegen 0.23/turn    (no ring)
MPRegen 0.07/turn

%: no passive effects
@: hasted, very quick
A: fangs 1, strong nose, distributed training
a: Renounce Religion, Potion Petition, Call Merchant, Bribe Branch


You were on level 5 of the Dungeon.
You worshipped Gozag.
Gozag was noncommittal.
You visited 2 branches of the dungeon, and saw 2 of its levels.

You collected 31 gold pieces.
You paid 16 gold pieces to Gozag.

Inventory:

Hand Weapons
 a - a +0 hand axe (weapon)
Armour
 b - a +0 leather armour (worn)
Magical Staves
 h - a staff of conjuration
Wands
 g - a wand of digging (3)
Scrolls
 c - a scroll of fog
 d - a scroll of revelation
 e - a scroll of fear
Potions
 i - 2 potions of lignification {unknown}


   Skills:
 + Level 6.4 Fighting
 + Level 0.0 Short Blades
 + Level 0.0 Long Blades
 + Level 4.4 Axes
 + Level 0.0 Maces & Flails
 + Level 0.0 Polearms
 + Level 0.0 Staves
 + Level 0.0 Ranged Weapons
 + Level 0.0 Throwing
 + Level 0.0 Armour
 + Level 4.4 Dodging
 + Level 9.5 Stealth
 + Level 0.0 Shields
 + Level 0.0 Unarmed Combat
 + Level 0.0 Spellcasting
 + Level 0.0 Conjurations
 + Level 0.0 Hexes
 + Level 0.0 Summonings
 + Level 0.0 Necromancy
 + Level 0.0 Translocations
 + Level 0.0 Fire Magic
 + Level 0.0 Ice Magic
 + Level 0.0 Air Magic
 + Level 0.0 Earth Magic
 + Level 0.0 Alchemy
 + Level 0.0 Invocations
 + Level 0.0 Evocations
 + Level 0.0 Shapeshifting


You couldn't memorise any spells.
You didn't know any spells.
Your spell library was empty.

Dungeon Overview and Level Annotations

Branches:
Dungeon (5/15)             Temple (1/1) D:5

Altars:
Cheibriados
Elyvilon
Gozag
Kikubaaqudgha
Makhleb
Nemelex Xobeh
Okawaru
Qazlal
Ru
Trog
Vehumet
Wu Jian
Xom
Yredelemnul
Zin


Innate Abilities, Weirdness & Mutations

You have very sharp teeth.
Your uncanny sense of smell can sniff out nearby items.
Your experience applies equally to all skills.


Message History

h - a staff of conjuration
There is a staircase to the Ecumenical Temple here.
You climb downwards.
Welcome to the Ecumenical Temple!
Found a staircase back to the Dungeon.
There is a staircase back to the Dungeon here.
You open the door.
Found an opulent altar of Gozag.
There is an open door here.
There is an opulent altar of Gozag here.
You kneel at the altar of Gozag.
Gozag welcomes you!
You pay a service fee of 16 gold.
There is an open door here.
There is a staircase back to the Dungeon here.
You climb upwards.
There is a staircase to the Ecumenical Temple here.
You hear a distant slurping noise.
Found a stormy altar of Qazlal.
i - 2 sedimented inky potions
Found 4 stones.
You hear a distant slurping noise.
A quokka comes into view.
Found a chain mail.
Found a stone staircase leading up.
The helpless quokka fails to defend itself.
You slash the quokka!
You kill the quokka!
No target in view!
A bullfrog comes into view.
You see here 9 gold pieces.
You see here 9 gold pieces.
You now have 15 gold pieces (gained 9).
The bullfrog hits you. x2
The bullfrog hits you.
The bullfrog hits you but does no damage.
The bullfrog attacks as it pursues you! The bullfrog hits you.
There is a fountain of clear blue water here.
You feel yourself speed up. The bullfrog barely misses you.
The bullfrog hits you!
You die...
Your body crumbles into a pile of gold.

..# ∆ #.# .<# # #.#
#.#### #.#
#.(...###.#∆#
#.......#.#
#..#..F#...#
##.@.##..#### .
#.....##.... ..
#..#.#..##.#####
.....##.##......._.
....##...##...####
..⌠....>....⌠.#
....##...##...#
.....##.##....##.###
#..#.#..##......


You could see a bullfrog.

Vanquished Creatures
  A quokka (D:5)
1 creature vanquished.

Notes
Turn   | Place    | Note
-------+----------+-------------------------------------------
     0 | D:5      | Reached skill level 9 in Stealth
     0 | D:5      | Skitler the Gnoll Delver began the quest for the Orb.
     0 | D:5      | Reached XP level 1. HP: 23/23 MP: 1/1
     7 | D:5      | Found a staircase to the Ecumenical Temple.
    26 | Temple   | Entered the Ecumenical Temple
    49 | Temple   | Became a worshipper of Gozag Ym Sagoz the Greedy
    75 | D:5      | Found a stormy altar of Qazlal.
    89 | D:5      | Noticed a bullfrog
    97 | D:5      | Slain by a bullfrog

Illustrated notes

Levels and vault maps discovered:
D:5:      layout_basic, general_overflow_altar, ashenzari_altar_1,
          overflow_temple_1_default, minmay_temple_entry_waves
Temple:   minmay_temple_curvy_branch

Skill      XL: | |
---------------+-+-----
Stealth        | |  9.5
Fighting       | |  6.4
Axes           | |  4.4
Dodging        | |  4.4

Action                     || total
---------------------------++-------
  Melee: Hand axe          ||     1
    Use: Potion            ||     1
   Stab: Sleeping          ||     1
 Armour: Leather armour    ||     6
  Dodge: Dodged            ||     1
